Checkers vs Little Stars
Created - May 14, 2024 at 22:58
Goals
|
| Checkers |
1 |
0 |
3 |
4 |
| Little Stars |
0 |
2 |
1 |
3 |
|
Shots
|
| Checkers |
11 |
13 |
17 |
41 |
| Little Stars |
16 |
9 |
9 |
34 |
|
1st period
1. Checkers , Morgan Frost 1 (Austin Poganski 1, Dominik Kahun 1) at 13:00
Penalties :
Dylan Gambrell (Cha) for Tripping (Minor) at 3:13, Collin Miller (Tex) for Roughing (Minor) at 17:28
2nd period
2. Little Stars , Jonathan Dahlen 1 (Cal Burke 1) at 8:49
3. Little Stars , Ilya Mikheyev 1 (Joakim Nygard 1, Wiley Sherman 1) at 9:05
Penalties :
Ville Pokka (Tex) for Cross-checking (Minor) at 4:08, Anthony Beauvillier (Cha) for Holding (Minor) at 12:38
3rd period
4. Checkers , Drake Batherson 1 (Anthony Beauvillier 1, Dominik Kahun 2) at 5:24
5. Checkers , Patrick Brown 1 (Dylan Gambrell 1, Andrei Svechnikov 1) at 5:38
6. Checkers , Drake Batherson 2 (Jared McIsaac 1) at 10:43 (PP)
7. Little Stars , Jonathan Dahlen 2 (Jean-Christophe Beaudin 1, Wiley Sherman 2) at 13:58
Penalties :
Radel Fazleev (Tex) for Roughing (Minor) at 0:44, Ilya Mikheyev (Tex) for Slashing (Minor) at 9:32, Reece Willcox (Tex) for Delaying the game (Minor) at 17:14
Goalie Stats
Brandon Halverson (Cha), 31 saves from 34 shots - (0.912), W, 1-0-0, 60:00 minutes
Michael Houser (Tex), 37 saves from 41 shots - (0.902), L, 0-1-0, 59:32 minutes
Players Stats for Checkers
Player Name G A P +/- PIM S H SB GA TA FO MP PP MP PK MP
------------------------------------------------------------------------------------
Andrei Svechnikov 0 1 1 1 0 0 2 1 2 1 0/1 16:29 3:57 0:11
Anthony Beauvillier 0 1 1 0 2 2 1 1 0 1 2/2 23:44 4:18 1:01
Austin Poganski 0 1 1 1 0 1 1 0 0 0 1/1 7:52 0:23 0:00
Dominik Kahun 0 2 2 0 0 4 2 1 0 1 27/40 23:44 4:47 2:04
Drake Batherson 2 0 2 0 0 10 1 0 2 0 1/1 21:40 4:47 0:00
Dylan Gambrell 0 1 1 1 2 0 4 0 1 1 6/16 17:00 3:57 0:00
Jake Walman 0 0 0 1 0 2 0 2 0 0 0/0 13:31 0:35 1:50
Jared McIsaac 0 1 1 1 0 2 1 1 0 2 0/0 14:09 3:16 0:00
John Draeger 0 0 0 -1 0 0 0 3 0 2 0/0 17:12 0:00 2:08
Kale Clague 0 0 0 0 0 2 1 1 0 3 0/0 26:29 3:16 1:50
Kirill Marchenko 0 0 0 -2 0 0 0 0 0 0 0/0 8:50 0:00 0:00
Matt Puempel 0 0 0 -2 0 4 0 0 0 0 0/0 12:47 0:52 1:43
Morgan Frost 1 0 1 1 0 3 1 0 1 0 2/3 9:39 0:23 1:04
Patrick Brown 1 0 1 1 0 5 2 1 0 0 0/1 17:05 3:57 0:47
Radim Simek 0 0 0 0 0 2 1 1 0 0 0/0 29:38 5:16 2:08
Roberts Lipsbergs 0 0 0 1 0 0 1 0 0 0 0/0 7:30 0:00 0:55
Tanner Laczynski 0 0 0 -2 0 1 1 0 0 0 6/10 9:40 0:00 0:11
Timothy Liljegren 0 0 0 -1 0 3 0 0 2 0 0/0 19:01 5:51 0:00
Players Stats for Little Stars
Player Name G A P +/- PIM S H SB GA TA FO MP PP MP PK MP
------------------------------------------------------------------------------------
Cal Burke 0 1 1 0 0 1 1 0 1 0 0/0 8:01 0:00 0:00
Collin Miller 0 0 0 1 2 4 2 3 0 2 0/0 30:27 2:29 4:08
Emile Poirier 0 0 0 0 0 2 0 0 1 0 0/0 11:30 0:09 2:01
Filip Chytil 0 0 0 0 0 2 3 0 0 0 1/5 10:03 0:00 0:51
Ilya Mikheyev 1 0 1 0 2 4 1 1 0 2 1/2 18:48 2:12 0:00
Jason Dickinson 0 0 0 0 0 5 0 0 1 0 12/37 24:12 2:12 4:16
Jean-Christophe Beaudin 0 1 1 0 0 0 0 0 1 0 1/6 8:01 0:00 0:00
Joakim Nygard 0 1 1 0 0 3 0 0 3 0 2/5 24:02 2:03 4:15
Jonathan Dahlen 2 0 2 0 0 2 1 0 2 0 2/2 8:01 0:00 0:00
Justin Auger 0 0 0 0 0 2 0 0 0 1 0/0 9:12 0:00 0:00
Matt Luff 0 0 0 0 0 1 0 1 0 1 0/0 15:51 1:46 2:07
Radel Fazleev 0 0 0 0 2 0 2 0 1 0 11/17 16:00 1:46 2:04
Reece Willcox 0 0 0 1 2 1 0 0 0 0 0/0 19:20 1:29 2:39
Samuel Girard 0 0 0 -2 0 1 0 1 0 0 0/0 10:38 0:00 1:45
Shane Gersich 0 0 0 0 0 2 1 0 0 0 0/1 16:16 1:46 2:40
Tucker Poolman 0 0 0 1 0 0 0 0 1 1 0/0 20:06 1:29 4:18
Ville Pokka 0 0 0 -2 2 1 0 0 0 0 0/0 9:43 0:00 0:13
Wiley Sherman 0 2 2 1 0 3 1 2 0 1 0/0 30:37 2:29 5:11
3 Stars
1 - Drake Batherson (Cha)
2 - Jonathan Dahlen (Tex)
3 - Patrick Brown (Cha)
Power Play
Checkers - 1 on 5 Attempt(s) - 20.00%
Little Stars - 0 on 2 Attempt(s) - 0.00%
Penalty Kill
Checkers - 2 on 2 Attempt(s) - 100.00%
- Score 0 goal in Penalty Kill
Little Stars - 4 on 5 Attempt(s) - 80.00%
- Score 0 goal in Penalty Kill
Team Stat
Checkers - Hits : 19 - Faceoff Wins : 45 - Blocked Shots : 12 - Penalty Minutes : 4
Little Stars - Hits : 12 - Faceoff Wins : 30 - Blocked Shots : 8 - Penalty Minutes : 10
Official
Referees : Corey Syvret and Steve Kozari
Linesman : Pierre Racicot and Mark Shewchyk
Game Notes
No Game Note
Finance
Level 1 -- Attendance: 2000 (100.00%) -- Ticket Income $140,000
Level 2 -- Attendance: 987 (98.70%) -- Ticket Income $39,480
Total Attendance: 2987 (99.57%)
Total Ticket Income: $179,480
Other Income: $8,974
Total Income: $188,454
Checkers
5 vs 5 Forward
Center Left Wing Right Wing Time % Phy DF OF
1 Dominik Kahun Anthony Beauvillier Drake Batherson 40 0 2 3
2 Dylan Gambrell Andrei Svechnikov Patrick Brown 30 0 2 3
3 Tanner Laczynski Matt Puempel Kirill Marchenko 20 0 2 3
4 Morgan Frost Roberts Lipsbergs Austin Poganski 10 0 2 3
5 vs 5 Defense
Defense Defense Time % Phy DF OF
1 Radim Simek Kale Clague 40 0 2 3
2 John Draeger Timothy Liljegren 30 0 2 3
3 Jake Walman Jared McIsaac 20 0 2 3
4 Radim Simek Kale Clague 10 0 2 3
PowerPlay Forward
Center Left Wing Right Wing Time % Phy DF OF
1 Dominik Kahun Anthony Beauvillier Drake Batherson 60 0 1 4
2 Dylan Gambrell Andrei Svechnikov Patrick Brown 40 0 1 4
PowerPlay Defense
Defense Defense Time % Phy DF OF
1 Timothy Liljegren Radim Simek 60 0 2 3
2 Kale Clague Jared McIsaac 40 0 2 3
Penalty Kill 4 Players Forward
Center Wing Time % Phy DF OF
1 Dominik Kahun Anthony Beauvillier 60 0 3 2
2 Dylan Gambrell Patrick Brown 40 0 3 2
Penalty Kill 4 Players Defense
Defense Defense Time % Phy DF OF
1 Radim Simek John Draeger 60 0 4 1
2 Kale Clague Jake Walman 40 0 4 1
Penalty Kill - 3 Players Forward
Forward Time % Phy DF OF
1 Anthony Beauvillier 60 0 3 2
2 Dominik Kahun 40 0 3 2
Penalty Kill - 3 Players Defense
Defense Defense Time % Phy DF OF
1 Radim Simek John Draeger 60 0 4 1
2 Kale Clague Jake Walman 40 0 4 1
4 vs 4 Forward
Center Wing Time % Phy DF OF
1 Dominik Kahun Drake Batherson 60 0 2 3
2 Dylan Gambrell Anthony Beauvillier 40 0 2 3
4 vs 4 Defense
Defense Defense Time % Phy DF OF
1 Radim Simek Kale Clague 60 0 2 3
2 John Draeger Timothy Liljegren 40 0 2 3
Last Minutes Offensive
Center Left Wing Right Wing Defense Defense
Dominik Kahun Anthony Beauvillier Drake Batherson Timothy Liljegren Kale Clague
Last Minutes Defensive
Center Left Wing Right Wing Defense Defense
Dominik Kahun Anthony Beauvillier Patrick Brown Radim Simek John Draeger
Goaltenders
Starting : Brandon Halverson
Backup : Joseph Woll
Extra Forwards
Normal : Andrei Svechnikov, Anthony Beauvillier, Drake Batherson - PP : Andrei Svechnikov, Drake Batherson - PK : Matt Puempel
Extra Defensemen
Normal : Kale Clague, Timothy Liljegren, Radim Simek - PP : Radim Simek - PK : Kale Clague, Timothy Liljegren
Penalty Shots
Patrick Brown, Drake Batherson, Andrei Svechnikov, Dominik Kahun, Anthony Beauvillier
Custom OT Lines Forwards
Patrick Brown, Drake Batherson, Anthony Beauvillier, Dominik Kahun, Kirill Marchenko, Tanner Laczynski, Dylan Gambrell, Morgan Frost, Andrei Svechnikov, Matt Puempel
Custom OT Lines Defensemen
Radim Simek, John Draeger, Kale Clague, Timothy Liljegren, Jake Walman
Scratches
Mitchell Heard (Healthy), Nicklas Jensen (Healthy), Simon Bourque (Healthy), Viktor Baldayev (Healthy), Artur Kayumov (Healthy)
Ivan Prosvetov (Healthy), Jakub Skarek (Healthy)
Little Stars
5 vs 5 Forward
Center Left Wing Right Wing Time % Phy DF OF
1 Jason Dickinson Joakim Nygard Ilya Mikheyev 40 1 2 2
2 Radel Fazleev Shane Gersich Matt Luff 30 1 2 2
3 Filip Chytil Emile Poirier Justin Auger 20 1 2 2
4 Jean-Christophe Beaudin Jonathan Dahlen Cal Burke 10 1 2 2
5 vs 5 Defense
Defense Defense Time % Phy DF OF
1 Wiley Sherman Collin Miller 40 1 2 2
2 Reece Willcox Tucker Poolman 30 1 2 2
3 Samuel Girard Ville Pokka 20 1 2 2
4 Wiley Sherman Collin Miller 10 1 2 2
PowerPlay Forward
Center Left Wing Right Wing Time % Phy DF OF
1 Jason Dickinson Joakim Nygard Ilya Mikheyev 60 0 2 3
2 Radel Fazleev Shane Gersich Matt Luff 40 0 2 3
PowerPlay Defense
Defense Defense Time % Phy DF OF
1 Wiley Sherman Collin Miller 60 1 2 2
2 Reece Willcox Tucker Poolman 40 1 2 2
Penalty Kill 4 Players Forward
Center Wing Time % Phy DF OF
1 Jason Dickinson Joakim Nygard 60 1 2 2
2 Radel Fazleev Shane Gersich 40 1 2 2
Penalty Kill 4 Players Defense
Defense Defense Time % Phy DF OF
1 Wiley Sherman Collin Miller 60 0 3 2
2 Reece Willcox Tucker Poolman 40 0 3 2
Penalty Kill - 3 Players Forward
Forward Time % Phy DF OF
1 Jason Dickinson 60 1 2 2
2 Radel Fazleev 40 1 2 2
Penalty Kill - 3 Players Defense
Defense Defense Time % Phy DF OF
1 Wiley Sherman Collin Miller 60 0 3 2
2 Reece Willcox Tucker Poolman 40 0 3 2
4 vs 4 Forward
Center Wing Time % Phy DF OF
1 Jason Dickinson Joakim Nygard 60 0 2 3
2 Radel Fazleev Shane Gersich 40 0 2 3
4 vs 4 Defense
Defense Defense Time % Phy DF OF
1 Wiley Sherman Collin Miller 60 1 2 2
2 Reece Willcox Tucker Poolman 40 1 2 2
Last Minutes Offensive
Center Left Wing Right Wing Defense Defense
Jason Dickinson Joakim Nygard Ilya Mikheyev Wiley Sherman Collin Miller
Last Minutes Defensive
Center Left Wing Right Wing Defense Defense
Jason Dickinson Joakim Nygard Ilya Mikheyev Wiley Sherman Collin Miller
Goaltenders
Starting : Michael Houser
Backup : Danil Tarasov
Extra Forwards
Normal : Matt Luff, Emile Poirier, Justin Auger - PP : Matt Luff, Emile Poirier - PK : Matt Luff
Extra Defensemen
Normal : Tucker Poolman, Samuel Girard, Ville Pokka - PP : Tucker Poolman - PK : Tucker Poolman, Samuel Girard
Penalty Shots
Ilya Mikheyev, Joakim Nygard, Jason Dickinson, Shane Gersich, Matt Luff
Custom OT Lines Forwards
Ilya Mikheyev, Joakim Nygard, Jason Dickinson, Shane Gersich, Matt Luff, Emile Poirier, Justin Auger, Radel Fazleev, Jonathan Dahlen, Filip Chytil
Custom OT Lines Defensemen
Wiley Sherman, Collin Miller, Reece Willcox, Tucker Poolman, Samuel Girard
Scratches
Jack McBain (Healthy), Daniel O'regan (Bruised Left Shoulder Injury), Lawrence Pilut (Healthy), Connor Mackey (Healthy), Rudolfs Balcers (Healthy)
Yakov Trenin (Healthy), Joey Anderson (Healthy), Givani Smith (Healthy), Blade Jenkins (Healthy), Michael Giugovaz (Healthy)
% Time on Ice - Checkers
Lines # - Real PCT - Wanted PCT - Time Play
Normal Forward
1 - 40% - 40% - 18:23
2 - 27% - 30% - 12:21
3 - 19% - 20% - 8:50
4 - 14% - 10% - 6:35
Normal Defense
1 - 43% - 40% - 20:03
2 - 31% - 30% - 14:24
3 - 21% - 20% - 9:45
4 - 4% - 10% - 1:57
PP Forward
1 - 53% - 60% - 4:50
2 - 47% - 40% - 4:17
PP Defense
1 - 64% - 60% - 5:51
2 - 36% - 40% - 3:16
PK Forward
1 - 80% - 60% - 3:11
2 - 20% - 40% - 0:47
PK Defense
1 - 54% - 60% - 2:08
2 - 46% - 40% - 1:50
PK3 Forward
1 - 0% - 60%
2 - 0% - 40%
PK3 Defense
1 - 0% - 60%
2 - 0% - 40%
44 Forward
1 - 0% - 60%
2 - 0% - 40%
44 Defense
1 - 0% - 60%
2 - 0% - 40%
Last Minute Offensive - 0:00
Last Minute Defensive - 0:46
Total
Forward - 60:00
Defense - 60:00
|
% Time on Ice - Little Stars
Lines # - Real PCT - Wanted PCT - Time Play
Normal Forward
1 - 38% - 40% - 17:52
2 - 25% - 30% - 11:50
3 - 20% - 20% - 9:12
4 - 17% - 10% - 8:01
Normal Defense
1 - 40% - 40% - 18:58
2 - 32% - 30% - 15:05
3 - 19% - 20% - 8:45
4 - 9% - 10% - 4:07
PP Forward
1 - 55% - 60% - 2:12
2 - 45% - 40% - 1:46
PP Defense
1 - 63% - 60% - 2:29
2 - 37% - 40% - 1:29
PK Forward
1 - 71% - 60% - 6:27
2 - 29% - 40% - 2:40
PK Defense
1 - 58% - 60% - 5:19
2 - 42% - 40% - 3:48
PK3 Forward
1 - 0% - 60%
2 - 0% - 40%
PK3 Defense
1 - 0% - 60%
2 - 0% - 40%
44 Forward
1 - 0% - 60%
2 - 0% - 40%
44 Defense
1 - 0% - 60%
2 - 0% - 40%
Last Minute Offensive - 0:00
Last Minute Defensive - 0:00
Total
Forward - 60:00
Defense - 60:00
|
Play-by-Play
1st period
0:01 of 1st period - Dominik Kahun wins face-off versus Jason Dickinson in neutral zone.
0:31 of 1st period - Wrist shot by Shane Gersich.
0:31 of 1st period - Stopped by Brandon Halverson without a rebound.
0:32 of 1st period - Radel Fazleev wins face-off versus Dylan Gambrell in Checkers zone.
0:33 of 1st period - Slapshot by Matt Luff.
0:33 of 1st period - Shot Blocked by Patrick Brown.
0:35 of 1st period - Slapshot by Reece Willcox.
0:35 of 1st period - Stopped by Brandon Halverson with a rebound.
0:37 of 1st period - Snap shot by Reece Willcox.
0:37 of 1st period - Shot Blocked by John Draeger.
0:39 of 1st period - Slapshot by Tucker Poolman.
0:39 of 1st period - Shot Misses the Net.
0:41 of 1st period - Slapshot by Tucker Poolman.
0:41 of 1st period - Deflect By Shane Gersich.
0:41 of 1st period - Shot Blocked by John Draeger.
0:41 of 1st period - Puck is out of play.
0:42 of 1st period - Tanner Laczynski wins face-off versus Filip Chytil in Checkers zone.
1:13 of 1st period - Slapshot by Timothy Liljegren.
1:13 of 1st period - Stopped by Michael Houser without a rebound.
1:14 of 1st period - Dominik Kahun wins face-off versus Joakim Nygard in Little Stars zone.
1:29 of 1st period - Wrist shot by Drake Batherson.
1:29 of 1st period - Stopped by Michael Houser without a rebound.
1:30 of 1st period - Radel Fazleev wins face-off versus Andrei Svechnikov in Little Stars zone.
1:30 of 1st period - Radel Fazleev is hit by Dylan Gambrell.
1:40 of 1st period - Snap shot by Wiley Sherman.
1:40 of 1st period - Shot Misses the Net.
1:42 of 1st period - Wrist shot by Shane Gersich.
1:42 of 1st period - Shot Misses the Net.
1:44 of 1st period - Slapshot by Collin Miller.
1:44 of 1st period - Shot Blocked by Radim Simek.
2:20 of 1st period - Slapshot by Collin Miller.
2:20 of 1st period - Stopped by Brandon Halverson with a rebound.
2:22 of 1st period - Slapshot by Collin Miller.
2:22 of 1st period - Shot Misses the Net.
2:24 of 1st period - Slapshot by Collin Miller.
2:24 of 1st period - Shot Blocked by Jake Walman.
2:26 of 1st period - Slapshot by Collin Miller.
2:26 of 1st period - Shot Blocked by Jake Walman.
2:45 of 1st period - Off-side.
2:46 of 1st period - Jean-Christophe Beaudin wins face-off versus Morgan Frost in neutral zone.
2:56 of 1st period - Snap shot by Morgan Frost.
2:56 of 1st period - Deflect By Roberts Lipsbergs.
2:56 of 1st period - Shot Misses the Net.
2:56 of 1st period - Puck is out of play.
2:57 of 1st period - Radel Fazleev wins face-off versus Dylan Gambrell in Little Stars zone.
3:13 of 1st period - Minor Penalty to Dylan Gambrell for Tripping.
3:14 of 1st period - Jason Dickinson wins face-off versus Dominik Kahun in Checkers zone.
3:46 of 1st period - Anthony Beauvillier is hit by Collin Miller and loses puck.
5:13 of 1st period - Penalty to Dylan Gambrell is over, Dylan Gambrell is back on ice.
5:33 of 1st period - Wrist shot by Dylan Gambrell.
5:33 of 1st period - Shot Misses the Net.
5:49 of 1st period - Snap shot by Emile Poirier.
5:49 of 1st period - Stopped by Brandon Halverson with a rebound.
5:51 of 1st period - Wrist shot by Ville Pokka.
5:51 of 1st period - Stopped by Brandon Halverson with a rebound.
5:53 of 1st period - Snap shot by Emile Poirier.
5:53 of 1st period - Deflect By Filip Chytil.
5:53 of 1st period - Stopped by Brandon Halverson with a rebound.
5:55 of 1st period - Slapshot by Samuel Girard.
5:55 of 1st period - Deflect By Emile Poirier.
5:55 of 1st period - Shot Blocked by John Draeger.
5:55 of 1st period - Puck is out of play.
5:56 of 1st period - Dominik Kahun wins face-off versus Filip Chytil in Checkers zone.
5:56 of 1st period - Dominik Kahun is hit by Filip Chytil.
6:04 of 1st period - Wrist shot by Drake Batherson.
6:04 of 1st period - Stopped by Michael Houser without a rebound.
6:05 of 1st period - Filip Chytil wins face-off versus Dominik Kahun in Little Stars zone.
6:12 of 1st period - Wrist shot by Drake Batherson.
6:12 of 1st period - Shot Misses the Net.
6:26 of 1st period - Slapshot by Justin Auger.
6:26 of 1st period - Stopped by Brandon Halverson with a rebound.
6:40 of 1st period - Snap shot by Justin Auger.
6:40 of 1st period - Shot Misses the Net.
6:42 of 1st period - Slapshot by Tucker Poolman.
6:42 of 1st period - Shot Misses the Net.
6:46 of 1st period - Snap shot by Emile Poirier.
6:46 of 1st period - Stopped by Brandon Halverson without a rebound.
6:47 of 1st period - Joakim Nygard wins face-off versus Dylan Gambrell in Checkers zone.
6:48 of 1st period - Snap shot by Ilya Mikheyev.
6:48 of 1st period - Stopped by Brandon Halverson without a rebound.
6:49 of 1st period - Jason Dickinson wins face-off versus Dylan Gambrell in Checkers zone.
7:02 of 1st period - Slapshot by Ilya Mikheyev.
7:02 of 1st period - Shot Misses the Net.
7:04 of 1st period - Wrist shot by Joakim Nygard.
7:04 of 1st period - Stopped by Brandon Halverson without a rebound.
7:05 of 1st period - Tanner Laczynski wins face-off versus Radel Fazleev in Checkers zone.
7:12 of 1st period - Slapshot by Matt Puempel.
7:12 of 1st period - Stopped by Michael Houser without a rebound.
7:13 of 1st period - Radel Fazleev wins face-off versus Tanner Laczynski in Little Stars zone.
7:22 of 1st period - Snap shot by Shane Gersich.
7:22 of 1st period - Stopped by Brandon Halverson with a rebound.
7:35 of 1st period - Icing by Radim Simek.
7:36 of 1st period - Joakim Nygard wins face-off versus Tanner Laczynski in Checkers zone.
7:44 of 1st period - Off-side.
7:45 of 1st period - Dylan Gambrell wins face-off versus Jason Dickinson in neutral zone.
7:58 of 1st period - Snap shot by Joakim Nygard.
7:58 of 1st period - Shot Misses the Net.
8:10 of 1st period - Snap shot by Joakim Nygard.
8:10 of 1st period - Shot Misses the Net.
8:12 of 1st period - Slapshot by Samuel Girard.
8:12 of 1st period - Stopped by Brandon Halverson with a rebound.
8:14 of 1st period - Snap shot by Joakim Nygard.
8:14 of 1st period - Stopped by Brandon Halverson with a rebound.
8:18 of 1st period - Snap shot by Joakim Nygard.
8:18 of 1st period - Deflect By Jason Dickinson.
8:18 of 1st period - Shot Misses the Net.
8:18 of 1st period - Puck is out of play.
8:19 of 1st period - Radel Fazleev wins face-off versus Dominik Kahun in Checkers zone.
8:57 of 1st period - Radim Simek is hit by Collin Miller and loses puck.
9:10 of 1st period - Wrist shot by Matt Puempel.
9:10 of 1st period - Stopped by Michael Houser with a rebound.
10:25 of 1st period - Matt Puempel is hit by Filip Chytil and loses puck.
11:25 of 1st period - Reece Willcox is hit by Morgan Frost and loses puck.
11:49 of 1st period - Emile Poirier is hit by Jared McIsaac and loses puck.
12:31 of 1st period - Jake Walman is hit by Radel Fazleev and loses puck.
13:00 of 1st period - Snap shot by Morgan Frost.
13:00 of 1st period - Goal by Morgan Frost - Checkers : 1 - Little Stars : 0.
13:01 of 1st period - Dominik Kahun wins face-off versus Jason Dickinson in neutral zone.
13:04 of 1st period - Snap shot by Dominik Kahun.
13:04 of 1st period - Shot Misses the Net.
13:06 of 1st period - Slapshot by Radim Simek.
13:06 of 1st period - Stopped by Michael Houser with a rebound.
13:10 of 1st period - Snap shot by Drake Batherson.
13:10 of 1st period - Shot Misses the Net.
13:12 of 1st period - Snap shot by Dominik Kahun.
13:12 of 1st period - Shot Misses the Net.
13:56 of 1st period - Wrist shot by Matt Puempel.
13:56 of 1st period - Shot Blocked by Samuel Girard.
13:58 of 1st period - Snap shot by Timothy Liljegren.
13:58 of 1st period - Stopped by Michael Houser without a rebound.
13:59 of 1st period - Dominik Kahun wins face-off versus Jason Dickinson in Little Stars zone.
14:28 of 1st period - Snap shot by Jason Dickinson.
14:28 of 1st period - Stopped by Brandon Halverson without a rebound.
14:29 of 1st period - Dylan Gambrell wins face-off versus Radel Fazleev in Checkers zone.
14:34 of 1st period - Matt Luff is hit by Andrei Svechnikov and loses puck.
15:29 of 1st period - Tucker Poolman is hit by Dylan Gambrell.
15:41 of 1st period - Off-side.
15:42 of 1st period - Dominik Kahun wins face-off versus Jason Dickinson in neutral zone.
16:30 of 1st period - Snap shot by Wiley Sherman.
16:30 of 1st period - Deflect By Jake Walman.
16:30 of 1st period - Stopped by Brandon Halverson with a rebound.
16:32 of 1st period - Slapshot by Collin Miller.
16:32 of 1st period - Stopped by Brandon Halverson without a rebound.
16:33 of 1st period - Austin Poganski wins face-off versus Jean-Christophe Beaudin in Checkers zone.
16:49 of 1st period - Snap shot by Samuel Girard.
16:49 of 1st period - Shot Misses the Net.
16:59 of 1st period - Snap shot by Drake Batherson.
16:59 of 1st period - Shot Blocked by Ilya Mikheyev.
17:01 of 1st period - Snap shot by Anthony Beauvillier.
17:01 of 1st period - Stopped by Michael Houser without a rebound.
17:02 of 1st period - Dominik Kahun wins face-off versus Jason Dickinson in Little Stars zone.
17:28 of 1st period - Minor Penalty to Collin Miller for Roughing.
17:29 of 1st period - Dominik Kahun wins face-off versus Jason Dickinson in Little Stars zone.
18:18 of 1st period - Samuel Girard is hit by Dominik Kahun and loses puck.
19:28 of 1st period - Penalty to Collin Miller is over, Collin Miller is back on ice.
19:35 of 1st period - Wrist shot by Morgan Frost.
19:35 of 1st period - Stopped by Michael Houser without a rebound.
19:36 of 1st period - Morgan Frost wins face-off versus Jean-Christophe Beaudin in Little Stars zone.
19:47 of 1st period - Snap shot by Roberts Lipsbergs.
19:47 of 1st period - Shot Misses the Net.
19:49 of 1st period - Snap shot by Austin Poganski.
19:49 of 1st period - Stopped by Michael Houser with a rebound.
Goals for this period are 1 for Checkers vs 0 for Little Stars.
Shots for this period are 11 for Checkers vs 16 for Little Stars.
2nd period
0:01 of 2nd period - Dominik Kahun wins face-off versus Jason Dickinson in neutral zone.
0:04 of 2nd period - Slapshot by Drake Batherson.
0:04 of 2nd period - Shot Blocked by Wiley Sherman.
0:06 of 2nd period - Snap shot by Radim Simek.
0:06 of 2nd period - Stopped by Michael Houser without a rebound.
0:07 of 2nd period - Anthony Beauvillier wins face-off versus Jason Dickinson in Little Stars zone.
0:28 of 2nd period - Slapshot by Drake Batherson.
0:28 of 2nd period - Shot Misses the Net.
0:32 of 2nd period - Backhand shot by Drake Batherson.
0:32 of 2nd period - Stopped by Michael Houser with a rebound.
0:34 of 2nd period - Slapshot by Drake Batherson.
0:34 of 2nd period - Stopped by Michael Houser without a rebound.
0:35 of 2nd period - Dylan Gambrell wins face-off versus Radel Fazleev in Little Stars zone.
0:42 of 2nd period - Snap shot by Andrei Svechnikov.
0:42 of 2nd period - Shot Misses the Net.
1:41 of 2nd period - Backhand shot by Justin Auger.
1:41 of 2nd period - Stopped by Brandon Halverson without a rebound.
1:42 of 2nd period - Dominik Kahun wins face-off versus Jason Dickinson in Checkers zone.
2:28 of 2nd period - Slapshot by Kale Clague.
2:28 of 2nd period - Shot Misses the Net.
2:30 of 2nd period - Snap shot by Morgan Frost.
2:30 of 2nd period - Stopped by Michael Houser with a rebound.
3:25 of 2nd period - Matt Luff is hit by Andrei Svechnikov and loses puck.
3:48 of 2nd period - Snap shot by Jason Dickinson.
3:48 of 2nd period - Stopped by Brandon Halverson without a rebound.
3:49 of 2nd period - Dominik Kahun wins face-off versus Jason Dickinson in Checkers zone.
3:58 of 2nd period - Backhand shot by Dominik Kahun.
3:58 of 2nd period - Stopped by Michael Houser without a rebound.
3:59 of 2nd period - Jason Dickinson wins face-off versus Dominik Kahun in Little Stars zone.
4:06 of 2nd period - Snap shot by Drake Batherson.
4:06 of 2nd period - Stopped by Michael Houser with a rebound.
4:08 of 2nd period - Minor Penalty to Ville Pokka for Cross-checking.
4:09 of 2nd period - Dominik Kahun wins face-off versus Jason Dickinson in Little Stars zone.
6:08 of 2nd period - Penalty to Ville Pokka is over, Ville Pokka is back on ice.
7:41 of 2nd period - Icing by Reece Willcox.
7:42 of 2nd period - Jason Dickinson wins face-off versus Tanner Laczynski in Little Stars zone.
7:47 of 2nd period - Snap shot by Ilya Mikheyev.
7:47 of 2nd period - Stopped by Brandon Halverson with a rebound.
8:49 of 2nd period - Wrist shot by Jonathan Dahlen.
8:49 of 2nd period - Goal by Jonathan Dahlen - Checkers : 1 - Little Stars : 1.
8:50 of 2nd period - Dominik Kahun wins face-off versus Jason Dickinson in neutral zone.
9:05 of 2nd period - Snap shot by Ilya Mikheyev.
9:05 of 2nd period - Goal by Ilya Mikheyev - Checkers : 1 - Little Stars : 2.
9:06 of 2nd period - Dominik Kahun wins face-off versus Jason Dickinson in neutral zone.
9:11 of 2nd period - Wrist shot by Drake Batherson.
9:11 of 2nd period - Shot Blocked by Collin Miller.
9:21 of 2nd period - Wrist shot by Dominik Kahun.
9:21 of 2nd period - Stopped by Michael Houser without a rebound.
9:22 of 2nd period - Radel Fazleev wins face-off versus Dylan Gambrell in Little Stars zone.
9:54 of 2nd period - Wrist shot by Dominik Kahun.
9:54 of 2nd period - Stopped by Michael Houser without a rebound.
9:55 of 2nd period - Dominik Kahun wins face-off versus Jason Dickinson in Little Stars zone.
10:20 of 2nd period - Backhand shot by Andrei Svechnikov.
10:20 of 2nd period - Shot Misses the Net.
10:22 of 2nd period - Snap shot by Patrick Brown.
10:22 of 2nd period - Stopped by Michael Houser with a rebound.
10:24 of 2nd period - Snap shot by John Draeger.
10:24 of 2nd period - Shot Misses the Net.
10:26 of 2nd period - Slapshot by Timothy Liljegren.
10:26 of 2nd period - Shot Blocked by Matt Luff.
12:14 of 2nd period - Wrist shot by Matt Puempel.
12:14 of 2nd period - Stopped by Michael Houser without a rebound.
12:15 of 2nd period - Dominik Kahun wins face-off versus Jean-Christophe Beaudin in Little Stars zone.
12:20 of 2nd period - Snap shot by Drake Batherson.
12:20 of 2nd period - Stopped by Michael Houser without a rebound.
12:21 of 2nd period - Dominik Kahun wins face-off versus Jason Dickinson in Little Stars zone.
12:24 of 2nd period - Snap shot by Drake Batherson.
12:24 of 2nd period - Stopped by Michael Houser with a rebound.
12:34 of 2nd period - Slapshot by Jason Dickinson.
12:34 of 2nd period - Stopped by Brandon Halverson without a rebound.
12:35 of 2nd period - Dominik Kahun wins face-off versus Ilya Mikheyev in Checkers zone.
12:35 of 2nd period - Dominik Kahun is hit by Ilya Mikheyev.
12:38 of 2nd period - Minor Penalty to Anthony Beauvillier for Holding.
12:39 of 2nd period - Jason Dickinson wins face-off versus Dominik Kahun in Checkers zone.
12:41 of 2nd period - Snap shot by Ilya Mikheyev.
12:41 of 2nd period - Shot Blocked by Dominik Kahun.
12:43 of 2nd period - Slapshot by Collin Miller.
12:43 of 2nd period - Stopped by Brandon Halverson without a rebound.
12:44 of 2nd period - Dominik Kahun wins face-off versus Jason Dickinson in Checkers zone.
12:53 of 2nd period - Slapshot by Wiley Sherman.
12:53 of 2nd period - Stopped by Brandon Halverson with a rebound.
12:55 of 2nd period - Slapshot by Collin Miller.
12:55 of 2nd period - Stopped by Brandon Halverson with a rebound.
14:38 of 2nd period - Penalty to Anthony Beauvillier is over, Anthony Beauvillier is back on ice.
14:41 of 2nd period - Jake Walman is hit by Cal Burke and loses puck.
16:18 of 2nd period - Patrick Brown is hit by Jonathan Dahlen.
17:56 of 2nd period - Timothy Liljegren is hit by Filip Chytil and loses puck.
18:17 of 2nd period - Timothy Liljegren is hit by Radel Fazleev and loses puck.
18:32 of 2nd period - Wrist shot by Jason Dickinson.
18:32 of 2nd period - Deflect By Joakim Nygard.
18:32 of 2nd period - Shot Misses the Net.
18:32 of 2nd period - Puck is out of play.
18:33 of 2nd period - Tanner Laczynski wins face-off versus Jason Dickinson in Checkers zone.
18:38 of 2nd period - Snap shot by Kale Clague.
18:38 of 2nd period - Stopped by Michael Houser without a rebound.
18:39 of 2nd period - Jason Dickinson wins face-off versus Dylan Gambrell in Little Stars zone.
Goals for this period are 0 for Checkers vs 2 for Little Stars.
Shots for this period are 13 for Checkers vs 9 for Little Stars.
3rd period
0:01 of 3rd period - Dominik Kahun wins face-off versus Joakim Nygard in neutral zone.
0:09 of 3rd period - Slapshot by Collin Miller.
0:09 of 3rd period - Deflect By Ilya Mikheyev.
0:09 of 3rd period - Deflect By Radim Simek.
0:09 of 3rd period - Shot Misses the Net.
0:09 of 3rd period - Puck is out of play.
0:10 of 3rd period - Jason Dickinson wins face-off versus Dominik Kahun in Checkers zone.
0:13 of 3rd period - Wrist shot by Ilya Mikheyev.
0:13 of 3rd period - Stopped by Brandon Halverson with a rebound.
0:15 of 3rd period - Wrist shot by Joakim Nygard.
0:15 of 3rd period - Shot Blocked by Kale Clague.
0:17 of 3rd period - Wrist shot by Ilya Mikheyev.
0:17 of 3rd period - Shot Hit the Post.
0:21 of 3rd period - Snap shot by Ilya Mikheyev.
0:21 of 3rd period - Shot Blocked by Anthony Beauvillier.
0:23 of 3rd period - Wrist shot by Ilya Mikheyev.
0:23 of 3rd period - Shot Misses the Net.
0:25 of 3rd period - Slapshot by Collin Miller.
0:25 of 3rd period - Deflect By Jason Dickinson.
0:25 of 3rd period - Shot Misses the Net.
0:25 of 3rd period - Puck is out of play.
0:26 of 3rd period - Radel Fazleev wins face-off versus Dylan Gambrell in Checkers zone.
0:29 of 3rd period - Snap shot by Matt Luff.
0:29 of 3rd period - Shot Misses the Net.
0:44 of 3rd period - Minor Penalty to Radel Fazleev for Roughing.
0:45 of 3rd period - Dominik Kahun wins face-off versus Jason Dickinson in Little Stars zone.
2:13 of 3rd period - Timothy Liljegren is hit by Wiley Sherman and loses puck.
2:44 of 3rd period - Penalty to Radel Fazleev is over, Radel Fazleev is back on ice.
3:02 of 3rd period - Wrist shot by Jason Dickinson.
3:02 of 3rd period - Stopped by Brandon Halverson with a rebound.
3:04 of 3rd period - Slapshot by Wiley Sherman.
3:04 of 3rd period - Stopped by Brandon Halverson without a rebound.
3:05 of 3rd period - Morgan Frost wins face-off versus Filip Chytil in Checkers zone.
3:32 of 3rd period - Snap shot by Matt Puempel.
3:32 of 3rd period - Deflect By Tanner Laczynski.
3:32 of 3rd period - Stopped by Michael Houser without a rebound.
3:33 of 3rd period - Tanner Laczynski wins face-off versus Radel Fazleev in Little Stars zone.
3:59 of 3rd period - Icing by Jake Walman.
4:00 of 3rd period - Jonathan Dahlen wins face-off versus Dominik Kahun in Checkers zone.
4:01 of 3rd period - Wrist shot by Cal Burke.
4:01 of 3rd period - Stopped by Brandon Halverson without a rebound.
4:02 of 3rd period - Dominik Kahun wins face-off versus Jean-Christophe Beaudin in Checkers zone.
5:24 of 3rd period - Snap shot by Drake Batherson.
5:24 of 3rd period - Goal by Drake Batherson - Checkers : 2 - Little Stars : 2.
5:25 of 3rd period - Dylan Gambrell wins face-off versus Jason Dickinson in neutral zone.
5:30 of 3rd period - Snap shot by Patrick Brown.
5:30 of 3rd period - Stopped by Michael Houser with a rebound.
5:32 of 3rd period - Wrist shot by Patrick Brown.
5:32 of 3rd period - Stopped by Michael Houser with a rebound.
5:34 of 3rd period - Backhand shot by Andrei Svechnikov.
5:34 of 3rd period - Shot Misses the Net.
5:36 of 3rd period - Snap shot by Dylan Gambrell.
5:36 of 3rd period - Shot Misses the Net.
5:38 of 3rd period - Wrist shot by Dylan Gambrell.
5:38 of 3rd period - Deflect By Patrick Brown.
5:38 of 3rd period - Goal by Patrick Brown - Checkers : 3 - Little Stars : 2.
5:39 of 3rd period - Jason Dickinson wins face-off versus Dylan Gambrell in neutral zone.
5:42 of 3rd period - Slapshot by Collin Miller.
5:42 of 3rd period - Shot Misses the Net.
5:48 of 3rd period - Slapshot by Kale Clague.
5:48 of 3rd period - Stopped by Michael Houser with a rebound.
5:50 of 3rd period - Slapshot by Kale Clague.
5:50 of 3rd period - Shot Blocked by Collin Miller.
5:54 of 3rd period - Slapshot by Andrei Svechnikov.
5:54 of 3rd period - Shot Misses the Net.
6:04 of 3rd period - Ilya Mikheyev is hit by Roberts Lipsbergs and loses puck.
6:14 of 3rd period - Icing by Jason Dickinson.
6:15 of 3rd period - Dominik Kahun wins face-off versus Joakim Nygard in Little Stars zone.
6:28 of 3rd period - Slapshot by Drake Batherson.
6:28 of 3rd period - Deflect By Dominik Kahun.
6:28 of 3rd period - Shot Blocked by Wiley Sherman.
6:28 of 3rd period - Puck is out of play.
6:29 of 3rd period - Dominik Kahun wins face-off versus Shane Gersich in Little Stars zone.
6:32 of 3rd period - Wrist shot by Drake Batherson.
6:32 of 3rd period - Stopped by Michael Houser without a rebound.
6:33 of 3rd period - Radel Fazleev wins face-off versus Dominik Kahun in Little Stars zone.
6:44 of 3rd period - Wrist shot by Matt Luff.
6:44 of 3rd period - Stopped by Brandon Halverson without a rebound.
6:45 of 3rd period - Jason Dickinson wins face-off versus Dominik Kahun in Checkers zone.
7:10 of 3rd period - Shane Gersich is hit by Dylan Gambrell and loses puck.
7:15 of 3rd period - Wrist shot by Andrei Svechnikov.
7:15 of 3rd period - Deflect By Patrick Brown.
7:15 of 3rd period - Stopped by Michael Houser with a rebound.
7:17 of 3rd period - Slapshot by Jake Walman.
7:17 of 3rd period - Stopped by Michael Houser with a rebound.
7:40 of 3rd period - Wrist shot by Justin Auger.
7:40 of 3rd period - Shot Blocked by Jared McIsaac.
7:52 of 3rd period - Collin Miller is hit by Tanner Laczynski and loses puck.
8:05 of 3rd period - Snap shot by Filip Chytil.
8:05 of 3rd period - Stopped by Brandon Halverson without a rebound.
8:06 of 3rd period - Dominik Kahun wins face-off versus Jason Dickinson in Checkers zone.
8:31 of 3rd period - Radel Fazleev is hit by Kale Clague and loses puck.
9:17 of 3rd period - Slapshot by Timothy Liljegren.
9:17 of 3rd period - Stopped by Michael Houser with a rebound.
9:32 of 3rd period - Minor Penalty to Ilya Mikheyev for Slashing.
9:33 of 3rd period - Jason Dickinson wins face-off versus Dominik Kahun in Little Stars zone.
10:10 of 3rd period - Snap shot by Patrick Brown.
10:10 of 3rd period - Deflect By Dylan Gambrell.
10:10 of 3rd period - Shot Misses the Net.
10:10 of 3rd period - Puck is out of play.
10:11 of 3rd period - Radel Fazleev wins face-off versus Dominik Kahun in Little Stars zone.
10:36 of 3rd period - Wiley Sherman is hit by Anthony Beauvillier and loses puck.
10:43 of 3rd period - Snap shot by Drake Batherson.
10:43 of 3rd period - Goal by Drake Batherson - Checkers : 4 - Little Stars : 2.
10:44 of 3rd period - Dylan Gambrell wins face-off versus Radel Fazleev in neutral zone.
11:09 of 3rd period - Ilya Mikheyev is hit by Radim Simek and loses puck.
11:32 of 3rd period - Snap shot by Drake Batherson.
11:32 of 3rd period - Shot Misses the Net.
11:34 of 3rd period - Slapshot by Jake Walman.
11:34 of 3rd period - Stopped by Michael Houser with a rebound.
11:36 of 3rd period - Slapshot by Jared McIsaac.
11:36 of 3rd period - Stopped by Michael Houser with a rebound.
11:38 of 3rd period - Snap shot by Matt Puempel.
11:38 of 3rd period - Deflect By Emile Poirier.
11:38 of 3rd period - Stopped by Michael Houser without a rebound.
11:39 of 3rd period - Dylan Gambrell wins face-off versus Jason Dickinson in Little Stars zone.
11:51 of 3rd period - Icing by Jared McIsaac.
11:52 of 3rd period - Jason Dickinson wins face-off versus Dylan Gambrell in Checkers zone.
11:55 of 3rd period - Snap shot by Jason Dickinson.
11:55 of 3rd period - Stopped by Brandon Halverson with a rebound.
12:05 of 3rd period - Snap shot by Jason Dickinson.
12:05 of 3rd period - Shot Blocked by Andrei Svechnikov.
12:07 of 3rd period - Snap shot by Wiley Sherman.
12:07 of 3rd period - Shot Misses the Net.
12:23 of 3rd period - Snap shot by Anthony Beauvillier.
12:23 of 3rd period - Shot Blocked by Collin Miller.
12:25 of 3rd period - Slapshot by Jared McIsaac.
12:25 of 3rd period - Stopped by Michael Houser without a rebound.
12:26 of 3rd period - Dominik Kahun wins face-off versus Jason Dickinson in Little Stars zone.
12:37 of 3rd period - Snap shot by Dominik Kahun.
12:37 of 3rd period - Stopped by Michael Houser without a rebound.
12:38 of 3rd period - Ilya Mikheyev wins face-off versus Dominik Kahun in Little Stars zone.
12:56 of 3rd period - Icing by Radim Simek.
12:57 of 3rd period - Anthony Beauvillier wins face-off versus Radel Fazleev in Checkers zone.
12:57 of 3rd period - Anthony Beauvillier is hit by Shane Gersich.
13:24 of 3rd period - Joakim Nygard is hit by Patrick Brown and loses puck.
13:40 of 3rd period - Off-side.
13:41 of 3rd period - Jonathan Dahlen wins face-off versus Tanner Laczynski in neutral zone.
13:43 of 3rd period - Off-side.
13:44 of 3rd period - Tanner Laczynski wins face-off versus Jean-Christophe Beaudin in neutral zone.
13:58 of 3rd period - Snap shot by Jonathan Dahlen.
13:58 of 3rd period - Goal by Jonathan Dahlen - Checkers : 4 - Little Stars : 3.
13:59 of 3rd period - Dominik Kahun wins face-off versus Jason Dickinson in neutral zone.
14:10 of 3rd period - Wrist shot by Anthony Beauvillier.
14:10 of 3rd period - Stopped by Michael Houser without a rebound.
14:11 of 3rd period - Jason Dickinson wins face-off versus Dominik Kahun in Little Stars zone.
14:11 of 3rd period - Jason Dickinson is hit by Dominik Kahun.
14:41 of 3rd period - Off-side.
14:42 of 3rd period - Radel Fazleev wins face-off versus Patrick Brown in neutral zone.
14:54 of 3rd period - Off-side.
14:55 of 3rd period - Drake Batherson wins face-off versus Jason Dickinson in neutral zone.
14:58 of 3rd period - Ilya Mikheyev is hit by Drake Batherson and loses puck.
16:33 of 3rd period - Wrist shot by Joakim Nygard.
16:33 of 3rd period - Stopped by Brandon Halverson without a rebound.
16:34 of 3rd period - Tanner Laczynski wins face-off versus Filip Chytil in Checkers zone.
17:14 of 3rd period - Minor Penalty to Reece Willcox for Delaying the game.
17:15 of 3rd period - Radel Fazleev wins face-off versus Dylan Gambrell in Little Stars zone.
17:15 of 3rd period - Radel Fazleev is hit by Patrick Brown.
17:27 of 3rd period - Tucker Poolman is hit by Dylan Gambrell and loses puck.
18:30 of 3rd period - Filip Chytil is hit by Austin Poganski and loses puck.
19:14 of 3rd period - Penalty to Reece Willcox is over, Reece Willcox is back on ice.
19:32 of 3rd period - Little Stars, Michael Houser is pulled from the net.
19:51 of 3rd period - Snap shot by Morgan Frost.
19:51 of 3rd period - Shot Misses the Net.
Goals for this period are 3 for Checkers vs 1 for Little Stars.
Shots for this period are 17 for Checkers vs 9 for Little Stars.